Map: Kairos Junction LE

Players

pansit

  • Race: Protoss Protoss
  • League: Diamond
  • Spawn Location: 5:00

Woah - Winner!

  • Race: Terran Terran
  • League: Diamond
  • Spawn Location: 11:00

VOD

Have the link to the VOD?

Description

Time

  • Played on: June 14, 2019, 8:11 p.m.
  • Length: 8:55
Show
View Real Time Build Order
Export as new Build Order

pansit Protoss 

Build Orders: Colossus Rush 

Get SALT Encoding   

  12  0:01  Probe  
  13  0:13  Probe  
  14  0:17  Pylon  
  14  0:25  Probe  
  15  0:35  Probe  
  15  0:39  Gateway  
  16  0:43  Probe  
  16  0:49  Assimilator  
  17  0:52  Probe  
  18  1:03  Probe  
  19  1:15  Probe  
  20  1:35  Cybernetics Core  
  20  1:38  Probe  
  20  1:39  Pylon  
  21  1:43  Assimilator  
  21  1:50  Probe  
  22  2:03  Probe  
  23  2:11  Warp Gate  
  23  2:12  Stalker  
  23  2:15  Nexus  
  25  2:19  Probe  
  25  2:20  Pylon  
  26  2:31  Probe  
  27  2:38  Robotics Facility  
  27  2:43  Probe  
  28  2:55  Probe  
  29  2:59  Gateway  
  29  3:00  Gateway  
  29  3:03  Probe  
  29  3:11  Probe  
  31  3:21  Stalker, Probe  
  34  3:35  Robotics Bay, Probe x2  
  36  3:47  Probe  
  36  3:48  Probe  
  38  3:52  Pylon  
  38  4:03  Stalker x3  
  38  4:07  Pylon  
  38  4:08  Observer  
  45  4:10  Probe x2  
  47  4:17  Assimilator  
  47  4:18  Probe x2  
  47  4:19  Assimilator  
  49  4:26  Probe x2  
  51  4:32  Colossus  
  57  4:49  Probe x2  
  57  4:51  Stalker  
  57  4:52  Stalker x2  
  65  5:01  Probe x2  
  65  5:04  Extended Thermal Lance  
  67  5:26  Stalker  
  67  5:38  Stalker  
  69  5:48  Pylon  
  69  6:05  Colossus, Pylon  
  69  6:07  Probe x2  
  77  6:19  Probe  
  77  6:23  Probe  
  77  6:25  Pylon  
  79  6:29  Pylon  
  79  6:33  Forge  
  79  6:34  Forge  
  79  6:48  Nexus  
  79  6:49  Stalker  
  79  6:51  Pylon  
  79  6:53  Pylon  
  81  6:57  Pylon  
  81  7:03  Gateway  
  81  7:05  Gateway  
  81  7:08  Gateway  
  81  7:10  Probe x2  
  83  7:22  Gravitic Drive  
  83  7:23  Warp Prism  
  83  7:28  Stalker  
  87  7:36  Stalker x2  
  91  7:40  Probe x2  
  93  8:00  Pylon  
  93  8:02  Stalker x5  
  90  8:27  Stalker x2  
  90  8:28  Stalker x4  
Show
View Real Time Build Order
Export as new Build Order

Woah Terran - Winner!

Build Orders: Reaper Expand 

Get SALT Encoding   

  12  0:01  SCV  
  13  0:13  SCV  
  14  0:17  Supply Depot  
  14  0:25  SCV  
  15  0:39  SCV, Barracks  
  16  0:44  Refinery  
  16  0:51  SCV  
  17  1:03  SCV  
  18  1:15  SCV  
  19  1:27  Orbital Command  
  19  1:28  Reaper  
  20  1:43  Command Center  
  20  1:53  SCV  
  21  2:00  Barracks Reactor  
  21  2:04  Supply Depot  
  21  2:05  Refinery  
  21  2:16  SCV, Bunker  
  22  2:22  Factory  
  22  2:34  SCV  
  23  2:47  SCV  
  23  2:48  Marine x2  
  26  2:55  Orbital Command  
  26  2:59  SCV  
  27  3:06  Starport, Marine x2  
  27  3:07  Widow Mine  
  27  3:12  SCV  
  32  3:22  SCV  
  33  3:30  Supply Depot  
  33  3:31  Marine  
  33  3:32  Marine  
  33  3:33  Widow Mine  
  37  3:46  SCV  
  38  3:50  Medivac  
  38  3:51  Marine x2  
  38  3:54  SCV, Barracks  
  45  4:03  Factory Tech Lab  
  45  4:04  SCV  
  44  4:11  Refinery  
  44  4:15  SCV  
  45  4:22  Starport Tech Lab, Siege Tank  
  48  4:30  Supply Depot  
  48  4:33  SCV x2  
  50  4:40  Engineering Bay  
  50  4:41  Raven  
  50  4:43  Barracks  
  50  4:44  Barracks Tech Lab  
  50  4:45  SCV x2  
  53  4:51  Marine x2  
  56  4:53  Supply Depot  
  56  4:57  SCV  
  57  5:04  Stimpack  
  57  5:12  Marauder, Marine x2  
  61  5:34  Marine x3  
  60  5:36  Siege Tank  
  60  5:41  Terran Infantry Weapons Level 1  
  60  5:42  Engineering Bay  
  59  5:43  SCV  
  59  5:44  Starport Reactor  
  60  5:52  Combat Shield, Marine x2  
  60  5:53  Marauder  
  60  5:55  Marauder  
  66  5:59  Supply Depot  
  66  6:00  SCV  
  68  6:04  SCV  
  68  6:08  Terran Infantry Armor Level 1  
  68  6:14  Marauder, Command Center  
  70  6:21  Marauder  
  72  6:25  Marine x2  
  72  6:27  SCV x2  
  76  6:35  Marauder  
  76  6:37  Barracks  
  76  6:39  Armory  
  78  6:40  Barracks  
  78  6:47  Supply Depot x2  
  78  6:48  Refinery  
  78  7:08  Medivac x2  
  78  7:09  SCV x2, Marauder  
  78  7:10  Marauder  
  78  7:12  Supply Depot  
  88  7:19  Marine x2  
  88  7:22  Siege Tank  
  93  7:30  Marauder  
  95  7:38  Medivac  
  95  7:43  Marauder, Marine x2  
  102  7:44  Barracks Reactor  
  102  7:45  Barracks Reactor  
  102  7:47  Barracks  
  102  7:48  Orbital Command  
  102  7:50  Barracks  
  101  7:52  Marauder  
  94  8:22  Orbital Command  
  94  8:27  Marauder x2, Marine x5  
  96  8:28  Marine  
  96  8:32  SCV x2  
Tags
 
Matchup
PvT
Replay Pack
r1
Spawn Locations
Cross Positions
Add a new tag
Caveats
  • Supply blocks, unpowered buildings, or Contaminate may cause inaccurate times.
  • Supply counts are checked every 10 seconds.